cohdb
Replays
Latest Replays
All Replays
Popular Replays
Top Player Replays
Match Explorer
How It Works
Community
CoH3 Stats
Reddit
Sign in to upload your games and track your stats! →
Sign in with Steam
Match 38837486
Unlisted
Match 38837486
Overview
Messages
Build Orders
End
Selects Armored Battlegroup
Selects Assault Engineers
Construct Barracks
Riflemen Squad
Riflemen Squad
Assault Engineer Squad
Grenade Package
Selects Fast Deploy
Air Support Center
Construct Medical Station
P-47 Strafing Run
Riflemen Squad
Riflemen Squad
Grasshopper Recon Run
Construct Motor Pool
Grasshopper Recon Run
M8 Greyhound Armored Car
Selects M31 Recovery Vehicle
Grasshopper Recon Run
P-47 Strafing Run
Riflemen Squad
Selects War Machine
Construct Tank Depot
Selects M8 Scott SPG
Grasshopper Recon Run
Grasshopper Recon Run
M4A1 Sherman Medium Tank
P-47 Strafing Run
BIOHAZARD
Gorgolo
deSmo)°
NB
0
0
Comments
sign in to comment!
No comments posted yet!